 Dungeon Crawl Stone Soup version 0.30-a0-916-g98134172ad (webtiles) character file.

Game seed: 14257786221783910551

40152 RepoMan the Severer (level 14, -4/190 HPs)
             Began as a Meteoran Berserker on Mar 20, 2023.
             Was a High Priest of Trog.
             Shot with a bolt by an orc knight (19 damage)
             ... on level 2 of the Orcish Mines.
             The game lasted 01:12:44 (5734 turns).

RepoMan the Severer (Meteoran Berserker)            Turns: 5734, Time: 01:12:45

Health: -4/190     AC: 12    Str: 34    XL:     14   Next: 83%
Magic:  15/15      EV: 14    Int:  9    God:    Trog [*****.]
Gold:   444        SH: 18    Dex: 19    Spells: 13/13 levels left

rFire   + + .      SeeInvis .    w - +9 war axe "Cacriucw" {heavy, rPois Will++ Stlth-}
rCold   . . .      Faith    .    y - +0 kite shield
rNeg    . . .      Spirit   .    o - +3 ring mail {rF+}
rPois   +          Reflect  +    t - +0 helmet
rElec   .          Rampage  .    (no cloak)
rCorr   .                        I - +0 pair of gloves
Will    +++..                    (no boots) Stlth
                                 u - amulet of reflection
HPRegen 0.51/turn                b - ring "Jopiuq" {rF+ Str+6 Dex+3 Slay+2}
MPRegen 0.14/turn                x - +6 ring of strength

@: berserking, glowing, very quick
A: sense surroundings 2, otherworldly, glowing, explore regen
a: Renounce Religion, Berserk, Trog's Hand, Brothers in Arms


You were on level 2 of the Orcish Mines.
You worshipped Trog.
Trog was extremely pleased with you.
You visited 3 branches of the dungeon, and saw 18 of its levels.

You collected 1283 gold pieces.
You spent 839 gold pieces at shops.

Inventory:

Hand Weapons
 f - a +0 scimitar of flaming
 q - the +9 hand axe "Melie" {drain, rN+ Str+3}
   (You found it on level 4 of the Dungeon)

   Str:       It affects your strength (+3).
   rN:        It protects you from negative energy.
 w - the +9 war axe "Cacriucw" (weapon) {heavy, rPois Will++ Stlth-}
   (You found it on level 4 of the Dungeon)

   rPois:     It protects you from poison.
   Will:      It greatly increases your willpower.
   Stlth:     It makes you less stealthy.
 N - a +1 broad axe
Missiles
 a - 4 silver javelins
 k - 17 poisoned darts (quivered)
Armour
 o - a +3 ring mail of fire resistance (worn)
 t - a +0 helmet (worn)
 y - a +0 kite shield (worn)
 G - a +0 troll leather armour
 I - a +0 pair of gloves (worn)
 M - +0 acid dragon scales
Jewellery
 b - the ring "Jopiuq" (left hand) {rF+ Str+6 Dex+3 Slay+2}
   (You bought it in a shop on level 2 of the Dungeon)

   [ring of strength]

   Str:       It affects your strength (+6).
   Dex:       It affects your dexterity (+3).
   Slay:      It affects your accuracy & damage with ranged weapons and melee
   (+2).
   rF:        It protects you from fire.
 u - an amulet of reflection (around neck)
 x - a +6 ring of strength (right hand)
 J - the ring "Fyuwa" {Will+ Int+6}
   (You found it on level 10 of the Dungeon)

   [ring of intelligence]

   Int:       It affects your intelligence (+6).
   Will:      It increases your willpower.
Wands
 s - a wand of flame (4)
 v - a wand of charming (11)
 H - a wand of polymorph (8)
 K - a wand of mindburst (12)
Scrolls
 c - 3 scrolls of magic mapping
 d - 3 scrolls of fog
 e - a scroll of immolation {unknown}
 h - a scroll of poison {unknown}
 i - 2 scrolls of enchant armour {unknown}
 j - 5 scrolls of teleportation
 l - a scroll of blinking {unknown}
 m - 4 scrolls of enchant weapon {unknown}
 r - a scroll of fear {unknown}
 F - a scroll of vulnerability {unknown}
 O - 2 scrolls of identify
Potions
 g - 6 potions of haste
 n - a potion of might
 p - 2 potions of magic
 z - 9 potions of curing
 A - 5 potions of mutation
 B - 2 potions of heal wounds
 C - a potion of berserk rage
 E - a potion of attraction
 L - 3 potions of lignification
 P - a potion of resistance
 Q - a potion of cancellation
Miscellaneous
 D - a piece from Xom's chessboard (15/15)


   Skills:
 + Level 12.9 Fighting
 * Level 18.1(18.5) Axes
 - Level 6.4(14.3) Maces & Flails
 + Level 7.7 Armour
 - Level 6.6 Dodging
 + Level 11.6 Shields
 + Level 7.5 Evocations


You had 13 spell levels left.
You didn't know any spells.
Your spell library was empty.

Dungeon Overview and Level Annotations

Branches:
Dungeon (11/15) Zot: 3095  Temple (0/1) D:5            Lair (5/5) D:11 Zot: 1126
  Swamp (0/4) Lair:2        Snake (0/4) Lair:2          Orc (2/2) D:10 Zot: 697
  Slime: Lair:4-5       Elf: Orc:2

Altars:
Ashenzari
Fedhas
Xom
The Shining One

Shops:
D:2 *   D:8 [*!*   Orc:2 *!

Annotations:
D:9 Psyche
Lair:3 3 runed translucent doors, tmaa's ghost, journeyman MiFi


Innate Abilities, Weirdness & Mutations

You passively map the area around you.
You are easily found by Zot.
You glow in the dark.
You regain HP and MP as you explore.


Message History

Okay, then.
Unknown command.
Okay, then.
Okay, then.
You feel much better. You block the orc warrior's attack.
The orc knight hits you but does no damage.
You block the orc knight's attack.
Okay, then.
Unknown command.
A red film seems to cover your vision as you go berserk!
You feel yourself moving faster!
You feel mighty! You block the orc sorcerer's attack.
The orc warrior hits you with a +0 war axe.
The orc knight hits you with a +0 bardiche!!!
* * * LOW HITPOINT WARNING * * *
You hear a shout!
You slice the orc sorcerer!!
The orc sorcerer is severely wounded.
You slice the orc knight!! You closely miss the orc knight.
You closely miss the orc warrior. You block the orc warrior's attack.
The orc sorcerer hits you with a +0 dagger!
* * * LOW HITPOINT WARNING * * *
The orc warrior barely misses you.
You chop the orc sorcerer into pieces!!!
You kill the orc sorcerer!
Trog accepts your kill.
Trog appreciates your killing of a magic user.
You slash the orc warrior!
You kill the orc warrior!
Trog accepts your kill.
You barely miss the orc knight. You slash the orc knight!
The orc knight closely misses you. You block the orc knight's attack.
You slice the orc knight!!
You kill the orc knight!
Trog accepts your kill.
You closely miss the orc knight. You block the orc knight's attack.
The orc knight unwields a +1 battleaxe of flaming.
It stops flaming.
The orc knight wields a +0 arbalest.
The orc knight shoots a bolt.
The bolt hits you!!
You die...

...#### .#* [..# *
,...# [.##* , ..#.#
..# , ....# .## ,
#.o.# ## * #o3.## #
,, * * , #.4o## ***
#, , ,*#)))## * .#
##@#.## * ..# **
##)..#* ,, * .#.# , ,
*, ##)#.##* , #...# ,
, ##..)## ,, , *
##...## , ##.).## .,
,,, * ###...##,
##...###..* *,,, *
.###...##
##...###..#**
..###)).###...###..#*
#))##))..#....##..#
,,


You could see an orc knight (strong), a soul eater, a hellwing, an orc warrior
(strong) and an orc priest (strong).

Vanquished Creatures
  Snorg (Lair:3)
  2 hydras
  An ogre mage (Orc:1)
  Erica (D:8)
  2 catoblepae (Lair:3)
  A two-headed ogre (D:10)
  2 death yaks
  A boulder beetle (Lair:3)
  An orc high priest (Orc:2)
  Urug (Lair:3)
  Sonja (Lair:4)
  2 bog bodies (Lair:2)
  3 orc knights (Orc:2)
  A deep elf zephyrmancer (D:7)
  2 orc sorcerers (Orc:2)
  2 black mambas (Lair:1)
  A torpor snail (Lair:4)
  2 smoke demons (Orc:2)
  9 cane toads
  3 komodo dragons
  4 trolls
  Grinder (D:4)
  Prince Ribbit (D:7)
  17 blink frogs
  6 dream sheep (Lair:4)
  21 yaks
  A shadow (D:10)
  A vampire (D:9)
  A wyvern (D:8)
  Eustachio (D:6)
  2 basilisks
  A chaos spawn (Orc:2)
  2 steam dragons
  2 vampire mosquitoes (D:10)
  2 nagas (Lair:2)
  11 water moccasins
  An acid dragon (D:10)
  3 swamp worms (Lair:2)
  3 two-headed ogre zombies (D:10)
  2 ice beasts
  22 orc warriors
  A sky beast (D:7)
  9 ogres
  29 wolves (Lair:1)
  4 centaurs
  A kobold brigand (D:8)
  2 phantoms
  10 bullfrogs
  2 gnoll sergeants
  13 wights
  A troll zombie (D:10)
  3 killer bees (D:8)
  3 howler monkeys
  4 electric eels
  2 lava snakes (D:8)
  A hound (D:3)
  17 orc priests
  3 jellies
  A sleepcap (D:6)
  Ijyb (D:3)
  Natasha (D:4)
  6 orc wizards
  4 ogre zombies (D:10)
  12 gnolls
  7 adders
  A white imp (D:7)
  2 ufetubi (D:7)
  4 worms
  A worm (shapeshifter) (D:10)
  4 dart slugs
  63 orcs
  A bat (D:1)
  4 endoplasms
  2 giant cockroaches
  6 goblins
  8 hobgoblins
  3 jackals (D:2)
  A quokka (D:3)
  5 ball pythons
  3 frilled lizards (D:1)
  3 goblin zombies (D:10)
  A hobgoblin skeleton (D:10)
  4 hobgoblin zombies (D:10)
  12 kobolds
  2 orc skeletons (D:10)
  15 orc zombies (D:10)
  5 rats
431 creatures vanquished.

Vanquished Creatures (collateral kills)
  2 hydras (Lair:4)
  A death yak (Lair:4)
  A dream sheep (Lair:4)
  2 blink frogs (Lair:4)
  A water moccasin (Lair:4)
7 creatures vanquished.

Vanquished Creatures (others)
  A bullfrog (Lair:3)
  5 fungi
  9 plants
15 creatures vanquished.

Grand Total: 453 creatures vanquished

Notes
Turn   | Place    | Note
-------+----------+-------------------------------------------
     0 | D:1      | RepoMan the Meteoran Berserker began the quest for the Orb.
     0 | D:1      | Reached XP level 1. HP: 19/19 MP: 2/2
    75 | D:1      | Reached XP level 2. HP: 26/26 MP: 3/3
   169 | D:1      | Reached XP level 3. HP: 28/31 MP: 4/4
   272 | D:2      | Reached skill level 5 in Maces & Flails
   332 | D:2      | Found Yrepliurr's Assorted Antiques.
   355 | D:2      | Reached ** piety under Trog
   408 | D:2      | Reached XP level 4. HP: 31/40 MP: 5/5
   555 | D:2      | Found a faded altar of an unknown god.
   811 | D:2      | Bought a twitching pewter ring for 85 gold pieces
   811 | D:2      | Identified the ring "Jopiuq" {rF+ Str+6 Dex+3 Slay+2} (You
                  | bought it in a shop on level 2 of the Dungeon)
   811 | D:2      | Bought a scroll labelled JET JIRGHESILEU for 17 gold pieces
   904 | D:3      | Noticed Ijyb
   916 | D:3      | Killed Ijyb
   917 | D:3      | Reached XP level 5. HP: 46/46 MP: 6/6
  1044 | D:4      | Noticed Grinder
  1048 | D:4      | Identified the +9 war axe "Cacriucw" {heavy, rPois Will++
                  | Stlth-}
  1060 | D:4      | Killed Grinder
  1061 | D:4      | Reached skill level 3 in Axes
  1061 | D:4      | Reached XP level 6. HP: 55/55 MP: 7/7
  1061 | D:4      | Reached XP level 7. HP: 60/60 MP: 8/8
  1098 | D:5      | Entered Level 5 of the Dungeon
  1098 | D:5      | Found a staircase to the Ecumenical Temple.
  1120 | D:4      | Noticed Natasha
  1127 | D:4      | Killed Natasha
  1128 | D:4      | Reached skill level 5 in Fighting
  1243 | D:4      | Identified the +9 hand axe "Melie" {drain, rN+ Str+3}
  1293 | D:6      | Found a glowing golden altar of the Shining One.
  1340 | D:4      | Reached skill level 4 in Axes
  1440 | D:5      | Reached skill level 5 in Axes
  1440 | D:5      | Reached XP level 8. HP: 69/69 MP: 9/9
  1530 | D:6      | Found a blossoming altar of Fedhas.
  1563 | D:6      | Reached skill level 6 in Axes
  1586 | D:6      | Noticed Eustachio
  1599 | D:6      | Killed Eustachio
  1600 | D:6      | Reached skill level 5 in Dodging
  1636 | D:6      | Reached skill level 7 in Axes
  1636 | D:6      | Gained mutation: You passively map the area around you.
                  | [Meteoran growth]
  1636 | D:6      | Reached XP level 9. HP: 27/75 MP: 10/10
  1657 | D:6      | Found a shimmering altar of Xom.
  1675 | D:6      | Reached *** piety under Trog
  1737 | D:6      | Reached skill level 8 in Axes
  1791 | D:8      | Found Yfownyqe's Antique Armour Boutique.
  1986 | D:7      | Reached skill level 9 in Axes
  2064 | D:7      | Noticed a deep elf zephyrmancer
  2071 | D:7      | Killed a deep elf zephyrmancer
  2072 | D:7      | Reached XP level 10. HP: 88/88 MP: 11/11
  2131 | D:7      | Noticed Prince Ribbit
  2139 | D:7      | Killed Prince Ribbit
  2140 | D:7      | Reached skill level 10 in Axes
  2244 | D:8      | Noticed Erica
  2249 | D:8      | Found Cogroum Ruarr's Distillery.
  2256 | D:8      | Killed Erica
  2256 | D:8      | Reached **** piety under Trog
  2257 | D:8      | Reached skill level 11 in Axes
  2316 | D:8      | Bought 2 potions of mutation for 176 gold pieces
  2346 | D:8      | Reached skill level 5 in Shields
  2370 | D:8      | Bought a potion of heal wounds for 55 gold pieces
  2432 | D:8      | Found Iqiawko's General Store.
  2486 | D:8      | Found Amiaciti's Assorted Antiques.
  2497 | D:8      | Reached XP level 11. HP: 93/95 MP: 12/12
  2640 | D:10     | Entered Level 10 of the Dungeon
  2657 | D:11     | Reached skill level 12 in Axes
  2657 | D:11     | Reached skill level 1 in Evocations
  2728 | D:10     | Found a broken altar of Ashenzari.
  2833 | D:10     | Found a staircase to the Orcish Mines.
  2854 | D:10     | Reached ***** piety under Trog
  2910 | D:10     | Noticed a two-headed ogre
  2919 | D:10     | Killed a two-headed ogre
  3074 | D:9      | Noticed Psyche
  3079 | D:9      | Reached skill level 13 in Axes
  3338 | D:10     | Identified the ring "Fyuwa" {Will+ Int+6}
  3369 | D:11     | Found a staircase to the Lair.
  3383 | Lair:1   | Entered Level 1 of the Lair of Beasts
  3385 | Lair:1   | Noticed a black mamba
  3391 | Lair:1   | Reached skill level 10 in Fighting
  3394 | Lair:1   | Received a gift from Trog
  3398 | Lair:1   | Reached XP level 12. HP: 87/106 MP: 13/13
  3400 | Lair:1   | Reached skill level 14 in Axes
  3734 | Lair:1   | Reached skill level 15 in Axes
  3980 | Lair:2   | Noticed a bog body
  3981 | Lair:2   | Noticed a bog body
  3983 | Lair:2   | Killed a bog body
  3985 | Lair:2   | Found a staircase to the Swamp.
  3997 | Lair:2   | Killed a bog body
  3998 | Lair:2   | Reached XP level 13. HP: 47/116 MP: 14/14
  4324 | Lair:2   | Found a staircase to the Snake Pit.
  4398 | Lair:3   | Noticed a catoblepas
  4409 | Lair:3   | Killed a catoblepas
  4410 | Lair:3   | Reached skill level 16 in Axes
  4434 | Lair:3   | Noticed a six-headed hydra
  4444 | Lair:3   | Killed a two-headed hydra
  4474 | Lair:3   | Reached skill level 10 in Shields
  4513 | Lair:4   | Noticed Sonja
  4517 | Lair:4   | Killed Sonja
  4572 | Lair:3   | Found a runed translucent gate.
  4572 | Lair:3   | Found a runed translucent gate.
  4572 | Lair:3   | Found a runed translucent gate.
  4572 | Lair:3   | Noticed tmaa's ghost (journeyman MiFi)
  4618 | Lair:3   | Noticed Urug
  4633 | Lair:3   | Killed Urug
  4673 | Lair:3   | Noticed a boulder beetle
  4680 | Lair:3   | Killed a boulder beetle
  4681 | Lair:3   | Reached skill level 5 in Armour
  4709 | Lair:3   | Noticed Snorg
  4712 | Lair:3   | Reached skill level 5 in Evocations
  4713 | Lair:3   | Noticed a catoblepas
  4722 | Lair:3   | Killed Snorg
  4727 | Lair:3   | Killed a catoblepas
  4806 | Lair:4   | Noticed a five-headed hydra
  4814 | Lair:4   | Killed a one-headed hydra
  4882 | Lair:4   | Reached skill level 17 in Axes
  4945 | Lair:4   | Noticed a seven-headed hydra
  4956 | Lair:4   | Killed a six-headed hydra
  4963 | Lair:4   | Reached XP level 14. HP: 101/126 MP: 15/15
  5063 | Lair:5   | Entered Level 5 of the Lair of Beasts
  5251 | Orc:1    | Entered Level 1 of the Orcish Mines
  5313 | Orc:2    | Entered Level 2 of the Orcish Mines
  5498 | Orc:2    | Received a gift from Trog
  5655 | Orc:2    | Found Tesaeb's General Store.
  5662 | Orc:2    | Found Samibrym's Distillery.
  5686 | Orc:2    | Reached skill level 18 in Axes
  5697 | Orc:2    | Bought a scroll of identify for 32 gold pieces
  5697 | Orc:2    | Bought a scroll of identify for 32 gold pieces
  5699 | Orc:2    | Bought a potion of heal wounds for 65 gold pieces
  5699 | Orc:2    | Bought a potion of resistance for 130 gold pieces
  5699 | Orc:2    | Bought a potion of cancellation for 104 gold pieces
  5699 | Orc:2    | Bought a potion of mutation for 104 gold pieces
  5699 | Orc:2    | Bought a potion of curing for 39 gold pieces
  5734 | Orc:2    | Shot with a bolt by an orc knight

Illustrated notes

Levels and vault maps discovered:
D:1:      roderic_dead_forest, layout_basic, serial_shops,
          nicolae_shop_behind_doors
D:2:      layout_basic, serial_shops, shop_statue, basic_ecumenical_altar,
          glass_columns_c, st_stairs_5
D:3:      layout_basic, minmay_crystal_water, uniq_ijyb
D:4:      layout_cave_pods, minmay_vboxes, uniq_natasha,
          uniq_crazy_yiuf_cottage, uniq_grinder
D:5:      layout_gridville, minmay_temple_entry_statues_fountains, serial_shops,
          nicolae_shop_competitors_out_of_business, st_stairs_14, uniq_edmund
D:6:      layout_loops_ring, mainiacjoe_overflow_tiny_flanked,
          mainiacjoe_overflow_large_starburst, uniq_eustachio
D:7:      layout_loops_corners, guppyfry_early_elven_hall, uniq_prince_ribbit1
D:8:      layout_cave_pools, serial_shops, nicolae_inconvenience_store,
          nicolae_shop_hallway_stairs, nicolae_shop_waterfront, shop,
          special_room [special_room_orc], uniq_erica
D:9:      layout_roguey, serial_shops, shop, nicolae_water_bricks,
          dk_noncrumbling_3, minmay_stone_trees_small, uniq_psyche
D:10:     layout_gridville, cheibrodos_ashenzari_chains, zombieorc2_lemuel
D:11:     layout_basic, dpeg_oklobed_lair
Lair:1:   hellmonk_destroyed_diamonds, layout_cave_pods,
          grunt_forest_large_clearings, infiniplex_staircase_pool
Lair:2:   layout_regular_city, nicolae_swamp_entry_splash_gauntlet,
          guppyfry_snake_entry_island, minmay_lair_oklob_items,
          serial_bayou_shore_a
Lair:3:   layout_gridlike, gammafunk_ghost_split, uniq_urug, uniq_snorg
Lair:4:   layout_cave_pods, lemuel_fruit_tree, uniq_sonja
Lair:5:   guppyfry_lair_end_dragon, layout_gridlike, slime_entry_1,
          grunt_megastairs_2
Orc:1:    layout_diamond_mine, mines4_lemuel, uniq_fannar
Orc:2:    pf_orc_diabolical, layout_caves, serial_shops, nicolae_lakefront_shop

Skill      XL: |  1  2  3  4  5  6  7  8  9 10 11 12 13 14 |
---------------+-------------------------------------------+-----
Maces & Flails | 5 6 |  6.4
Fighting       | 4 5 6 7 8 10 11 12 | 12.9
Axes           | 3 5 7 9 11 13 15 17 18 | 18.1
Armour         | 3 6 7 |  7.7
Dodging        | 3 4 5 6 |  6.6
Shields        | 2 5 7 9 10 11 | 11.6
Evocations     | 3 5 7 |  7.5

Action                     |  1- 3 |  4- 6 |  7- 9 | 10-12 | 13-15 || total
---------------------------+-------+-------+-------+-------+-------++-------
  Melee: Mace              |    76 |    96 |    15 |       |       ||   187
         Punch             |       |     1 |     1 |     1 |       ||     3
         Hand axe          |       |       |   116 |    86 |       ||   202
         War axe           |       |       |       |   180 |   235 ||   415
         Scimitar          |       |       |       |       |    14 ||    14
  Throw: Dart              |       |       |       |     4 |     2 ||     6
 Invoke: Berserk           |     1 |     3 |     1 |     1 |     2 ||     8
         Trog's Hand       |       |     3 |     1 |     4 |     4 ||    12
         Brothers in Arms  |       |       |       |       |     2 ||     2
  Evoke: Wand              |       |       |     1 |     5 |     6 ||    12
    Use: Scroll            |       |       |     3 |     6 |     3 ||    12
         Potion            |       |       |       |     1 |     1 ||     2
   Stab: Petrified         |       |       |       |       |     6 ||     6
         Petrifying        |       |       |       |       |     2 ||     2
         Distracted        |       |       |       |       |     2 ||     2
 Armour: Animal skin       |     9 |     4 |       |       |       ||    13
         Ring mail         |       |    17 |    29 |    64 |    54 ||   164
  Dodge: Dodged            |    39 |    40 |    50 |   153 |    94 ||   376
  Block: Other             |       |       |    21 |    16 |       ||    37
         Buckler           |       |       |       |   116 |    35 ||   151
         Reflection        |       |       |       |     4 |    11 ||    15
         Kite shield       |       |       |       |       |   170 ||   170

Table legend: (Time is in decaauts)
 A = Elapsed time spent in this place.
 B = Non-inter-level travel time spent in this place.
 C = Inter-level travel time spent in this place.
 D = Time resting spent in this place.
 E = Time spent auto-exploring this place.
 F = Levels seen in this place.
 G = Mean time per level.
                   A        B        C        D        E       F      G
               +--------+--------+--------+--------+--------+-----+--------+
         Total |   5880 |   5665 |    215 |    100 |      0 |  18 |  326.7 |
       Dungeon |   3504 |   3371 |    133 |      0 |      0 |  11 |  318.5 |
          Lair |   1873 |   1804 |     69 |    100 |      0 |   5 |  374.6 |
  Orcish Mines |    502 |    489 |     13 |      0 |      0 |   2 |  251.0 |
               +--------+--------+--------+--------+--------+-----+--------+

Top non-repeatable levels by time:
    D:10: 610 daAuts
  Lair:1: 568 daAuts
  Lair:3: 499 daAuts
  Lair:2: 448 daAuts
     D:2: 417 daAuts
     D:3: 406 daAuts
     D:7: 404 daAuts
     D:8: 330 daAuts
  Lair:4: 311 daAuts
     D:6: 304 daAuts
   Orc:2: 282 daAuts
     D:4: 273 daAuts
     D:9: 257 daAuts
     D:1: 253 daAuts
   Orc:1: 219 daAuts
